Map: Catalyst LE

Players

TRUE - Winner!

  • Race: Zerg Zerg
  • Spawn Location: 5:00

Expect

  • Race: Terran Terran
  • Spawn Location: 11:00

Event: WCS Austin 2018

VOD

Have the link to the VOD?

Description

Time

  • Played on: June 1, 2018, 11:07 p.m.
  • Length: 10:20

All games in this series

Show
View Real Time Build Order
Export as new Build Order

TRUE Zerg - Winner!

Build Orders: Hatch First 

Get SALT Encoding   

  12  0:01  Drone  
  13  0:17  Overlord  
  13  0:18  Drone  
  14  0:35  Drone x2  
  16  0:39  Drone  
  17  0:53  Hatchery  
  16  0:58  Drone  
  17  1:10  Spawning Pool  
  16  1:11  Extractor  
  16  1:13  Drone  
  16  1:17  Drone  
  17  1:22  Drone  
  19  1:32  Drone  
  19  1:43  Overlord  
  19  1:58  Queen  
  21  2:07  Drone, Queen  
  21  2:08  Drone x2  
  26  2:11  Metabolic Boost  
  26  2:15  Zergling x2  
  27  2:16  Zergling x2  
  28  2:27  Drone x2  
  30  2:34  Queen  
  30  2:36  Spore Crawler  
  31  2:38  Drone  
  33  2:46  Queen  
  33  2:47  Overlord  
  33  2:50  Drone  
  36  3:06  Drone  
  36  3:08  Hatchery  
  36  3:13  Drone x3  
  36  3:15  Drone  
  36  3:18  Drone  
  41  3:21  Drone  
  41  3:22  Drone  
  41  3:23  Drone  
  44  3:30  Overlord  
  44  3:36  Drone, Roach Warren  
  44  3:42  Overlord  
  44  3:48  Queen  
  46  3:51  Extractor, Drone x2  
  46  3:53  Drone x2  
  46  3:54  Drone  
  50  4:04  Overlord, Drone x2  
  52  4:16  Lair  
  52  4:20  Roach x3  
  52  4:23  Queen  
  60  4:29  Drone  
  60  4:30  Drone x6  
  67  4:32  Drone  
  67  4:33  Drone  
  67  4:36  Drone  
  70  4:39  Spore Crawler  
  70  4:43  Roach x2  
  73  4:46  Spore Crawler  
  73  4:48  Spore Crawler  
  71  4:59  Drone x3  
  74  5:02  Overlord  
  74  5:05  Evolution Chamber  
  74  5:06  Overlord, Evolution Chamber  
  72  5:08  Drone x2  
  72  5:11  Overlord  
  74  5:15  Overlord  
  74  5:22  Overseer  
  74  5:23  Drone  
  74  5:24  Drone x4  
  74  5:25  Drone x2  
  74  5:28  Drone x3  
  84  5:32  Zerg Ground Armor Level 1  
  84  5:35  Zerg Melee Weapons Level 1  
  81  5:47  Drone  
  81  5:48  Drone x8  
  87  5:52  Drone  
  87  5:55  Drone  
  87  5:56  Drone x2  
  87  5:57  Drone  
  87  5:59  Drone x2  
  87  6:03  Drone  
  89  6:09  Drone x2  
  89  6:11  Drone x2  
  89  6:18  Drone  
  89  6:25  Baneling Nest, Drone x2  
  89  6:26  Hatchery  
  89  6:27  Extractor  
  89  6:28  Extractor  
  87  6:34  Hatchery  
  87  6:35  Drone  
  87  6:37  Extractor  
  87  6:39  Zergling x6  
  89  6:41  Zergling x2  
  89  6:42  Drone x2  
  89  6:45  Hydralisk Den, Zergling x2  
  89  6:46  Zergling x8  
  96  6:54  Zergling x8  
  99  6:56  Zergling x2  
  99  7:00  Zergling x2  
  102  7:01  Zergling x2  
  102  7:06  Zergling x2  
  104  7:09  Centrifical Hooks  
  104  7:10  Overlord, Zergling x2  
  104  7:11  Overlord  
  104  7:13  Overlord  
  105  7:16  Overlord  
  105  7:23  Grooved Spines  
  105  7:29  Zergling x4  
  107  7:34  Zergling x2  
  107  7:35  Zergling x12  
  110  7:37  Zergling x4  
  110  7:39  Hatchery, Zergling x4  
  110  7:41  Zergling x4  
  110  7:42  Zergling x6  
  118  7:47  Zerg Melee Weapons Level 2  
  118  7:48  Zerg Ground Armor Level 2  
  118  7:49  Drone  
  117  8:00  Zergling x2  
  117  8:01  Zergling x16  
  117  8:03  Hatchery  
  125  8:13  Overlord x2  
  125  8:14  Overlord x2  
  125  8:17  Overlord  
  125  8:19  Hydralisk  
  127  8:31  Hydralisk  
  127  8:32  Hydralisk x2  
  127  8:33  Hydralisk x6  
  145  8:35  Hydralisk  
  145  8:38  Hydralisk  
  145  8:40  Zergling x2  
  150  8:41  Zergling x2  
  150  8:42  Zergling x2  
  150  8:44  Zergling x4  
  150  8:45  Zergling x2  
  150  8:47  Zergling x2  
  156  8:49  Baneling x5  
  156  8:50  Baneling  
  156  8:52  Zergling x4  
  156  8:54  Zergling x2  
  156  8:55  Zergling x2  
  154  8:56  Zergling x2  
  154  8:57  Zergling x2  
  154  8:59  Zergling x2  
  154  9:01  Zergling x4  
  158  9:03  Zergling x4  
  158  9:05  Zergling x2  
  158  9:06  Zergling x2  
  158  9:08  Zergling x4  
  159  9:10  Zergling x2  
  159  9:11  Zergling x2  
  159  9:14  Zergling x4  
  159  9:15  Zergling x2  
  157  9:20  Zergling x8  
  157  9:21  Zergling x2  
  157  9:23  Zergling x2  
  163  9:30  Zergling x8  
  163  9:31  Zergling x2  
  165  9:33  Zergling x6  
  165  9:36  Zergling x4  
  165  9:38  Drone  
  170  9:40  Zergling x2  
  170  9:41  Infestation Pit  
  170  9:42  Drone  
  170  9:43  Zergling x2  
  172  9:46  Zergling x2  
  172  9:47  Baneling x6  
  172  9:48  Baneling  
  172  9:49  Baneling  
  173  9:55  Overlord  
  173  10:04  Baneling x5  
Show
View Real Time Build Order
Export as new Build Order

Expect Terran 

Build Orders: Gas First Reaper Expand, Reaper Expand, Bio Tank, Hellion Banshee 

Get SALT Encoding   

  12  0:01  SCV  
  13  0:13  SCV  
  14  0:17  Supply Depot  
  14  0:25  SCV  
  15  0:29  Refinery  
  15  0:38  SCV  
  16  0:45  Barracks  
  16  0:51  SCV  
  17  1:03  SCV  
  18  1:15  SCV  
  19  1:32  Orbital Command  
  19  1:33  Reaper  
  20  1:43  Command Center  
  20  1:55  Factory  
  20  1:59  SCV  
  21  2:08  Refinery, Barracks Reactor  
  21  2:11  SCV  
  22  2:17  Supply Depot  
  22  2:24  SCV  
  23  2:39  SCV  
  23  2:42  Starport  
  24  2:51  SCV  
  25  2:52  Barracks Tech Lab  
  25  2:53  Hellion x2  
  29  2:59  Orbital Command  
  29  3:03  SCV  
  30  3:15  SCV  
  30  3:18  Hellion x2  
  35  3:26  Banshee  
  38  3:27  Cloaking Field  
  38  3:34  Supply Depot  
  38  3:38  SCV x2  
  40  3:44  Barracks Tech Lab  
  40  3:50  SCV x2  
  40  3:52  Hellion  
  40  3:53  Hellion  
  46  4:01  Supply Depot  
  46  4:04  SCV x2  
  46  4:09  Banshee  
  51  4:23  SCV x2  
  53  4:28  Command Center  
  53  4:36  SCV x2  
  55  4:42  Stimpack, Marine  
  55  4:44  Factory Reactor, Barracks  
  56  4:47  Barracks  
  56  4:48  SCV  
  56  4:51  SCV  
  58  4:59  Marine  
  58  5:00  SCV  
  58  5:02  Supply Depot  
  58  5:04  SCV  
  58  5:05  Supply Depot  
  61  5:09  Engineering Bay x2  
  61  5:12  SCV  
  62  5:16  Starport Reactor  
  62  5:23  SCV, Marine  
  62  5:24  SCV  
  62  5:27  Refinery x2  
  65  5:31  Supply Depot  
  65  5:35  SCV  
  65  5:37  SCV  
  65  5:41  Orbital Command  
  67  5:44  Marine x2  
  69  5:55  Marine  
  69  5:56  Marine x2  
  68  5:59  SCV x2  
  68  6:02  Marine  
  64  6:04  Siege Tank, Marine  
  64  6:05  Medivac x2  
  70  6:12  Orbital Command  
  70  6:13  Marine  
  70  6:18  Marine x2  
  68  6:19  Terran Infantry Weapons Level 1  
  68  6:20  Terran Infantry Armor Level 1, Marine  
  68  6:22  Marine  
  68  6:23  SCV x2, Barracks  
  72  6:27  Barracks  
  72  6:30  Supply Depot  
  72  6:35  SCV x2  
  75  6:40  SCV, Marine x4  
  75  6:41  Marine  
  75  6:46  Siege Tank  
  83  6:47  SCV  
  84  6:54  SCV x2  
  84  6:58  Marine x3  
  84  6:59  Medivac x2  
  84  7:00  Supply Depot  
  92  7:02  Armory  
  92  7:07  SCV  
  92  7:08  SCV  
  94  7:09  Combat Shield, SCV  
  94  7:10  Marine  
  94  7:12  Barracks Reactor  
  94  7:13  Barracks Reactor  
  96  7:16  Marine x2  
  96  7:18  Siege Tank  
  96  7:19  SCV  
  96  7:20  SCV  
  96  7:21  SCV  
  103  7:25  Supply Depot  
  103  7:27  Refinery, Marine  
  103  7:28  Refinery  
  103  7:29  Factory  
  104  7:31  SCV  
  104  7:36  Marine x3  
  105  7:41  SCV x2  
  105  7:44  SCV  
  108  7:48  Marine x2  
  108  7:49  Supply Depot  
  108  7:50  Siege Tank  
  112  7:53  Marine x3  
  112  7:54  Marine x2  
  112  7:58  SCV x3  
  118  8:05  Supply Depot x2  
  118  8:09  Marine x3, Terran Vehicle Weapons Level 1  
  118  8:10  Marine  
  118  8:11  Marine  
  123  8:12  Medivac  
  123  8:14  Factory Tech Lab  
  125  8:20  Supply Depot  
  125  8:21  Supply Depot, Marine x2  
  125  8:24  Marine x2  
  129  8:27  Siege Tank, Marine  
  129  8:28  Marine  
  134  8:34  Marine x2  
  134  8:37  Siege Tank  
  134  8:40  Marine x2  
  140  8:41  Marine  
  140  8:45  Marine  
  140  8:46  Marine x2  
  143  8:51  Marine, Medivac  
  143  8:55  Marine x2  
  138  8:58  Marine x2  
  138  8:59  Siege Tank, Marine  
  143  9:05  Marine x2  
  143  9:07  Marine  
  143  9:09  Marine  
  140  9:10  SCV x2  
  140  9:12  Marine  
  140  9:15  Marine  
  140  9:16  Marine x2  
  144  9:18  Siege Tank  
  144  9:20  SCV  
  144  9:22  SCV x2  
  149  9:31  Siege Tank  
  149  9:32  Marine  
  149  9:33  Marine x2  
  149  9:36  Medivac  
  149  9:37  Supply Depot  
  149  9:38  Marine x2, Medivac  
  152  9:40  Marine  
  152  9:41  Marine  
  152  9:43  Marine  
  157  9:48  Supply Depot  
  157  9:58  Marine x5  
  165  10:00  Unknown  
Tags
 
Add a new tag
Caveats
  • Supply blocks, unpowered buildings, or Contaminate may cause inaccurate times.
  • Supply counts are checked every 10 seconds.